 Dungeon Crawl Stone Soup version 0.31-a0-75-g6fe912e8c5 (webtiles) character file.

Game seed: 14851770589351942497

595 voltaire321 the Charlatan (level 7, -4/53 HPs)
             Began as a Demonspawn Artificer on May 23, 2023.
             Killed by divine providence
             ... invoked by an orc priest
              (15 damage)
             ... on level 4 of the Dungeon.
             The game lasted 00:09:35 (3532 turns).

voltaire321 the Charlatan (Demonspawn Artificer)    Turns: 3532, Time: 00:09:35

Health: -4/53      AC:  4    Str: 15    XL:     7   Next: 17%
Magic:  7/7        EV: 12    Int: 12    God:
Gold:   152        SH: 12    Dex: 13    Spells: 6/6 levels left

rFire   . . .        q - +0 rapier
rCold   . . .        f - +0 kite shield
rNeg    . . .        b - +0 leather armour
rPois   .            (no helmet)
rElec   .            j - +0 cloak
rCorr   .            (no gloves)
SInv    .            (no boots)
Will    .....        a - amulet of reflection
Stlth   +            (no ring)
HPRegen 0.28/turn    (no ring)
MPRegen 0.10/turn

%: reflection
@: no status effects
A: repulsion field 1, weakness stinger 2
a: no special abilities


You were on level 4 of the Dungeon.
You visited 1 branch of the dungeon, and saw 4 of its levels.

You collected 152 gold pieces.

Inventory:

Hand Weapons
 q - a +0 rapier (weapon)
Missiles
 o - 5 poisoned darts (quivered)
 u - 2 boomerangs
Armour
 b - a +0 leather armour (worn)
 f - a +0 kite shield (worn)
 j - a +0 cloak (worn)
Jewellery
 a - an amulet of reflection (around neck)
Wands
 d - a wand of charming (15)
 e - a wand of iceblast (5)
Scrolls
 g - 2 scrolls of magic mapping {unknown}
 h - 3 scrolls of fog {unknown}
 k - a scroll of vulnerability {unknown}
 l - a scroll of enchant weapon {unknown}
 n - a scroll of enchant armour {unknown}
 r - a scroll of immolation {unknown}
 t - a scroll of identify {unknown}
Potions
 c - a potion of enlightenment {unknown}
 i - 3 potions of haste
 m - a potion of might {unknown}
 p - a potion of magic {unknown}
 s - a potion of mutation {unknown}


   Skills:
 + Level 3.8 Fighting
 + Level 3.8 Armour
 + Level 3.4 Dodging
 - Level 0.8 Stealth
 + Level 0.5 Shields
 + Level 4.8 Evocations


You had 6 spell levels left.
You didn't know any spells.
Your spell library was empty.

Dungeon Overview and Level Annotations

Branches:
Dungeon (4/15)
 Temple: D:4-7

Altars:
Kikubaaqudgha
Trog


Innate Abilities, Weirdness & Mutations

You are surrounded by a mild repulsion field. (EV +2)
You have a tail ending in a sharp stinger.


Message History

You hit the orc priest but do no damage.
The orc priest is moderately wounded.
The orc priest invokes the aid of Beogh against you.
Pain shoots through your body!
You hit the orc priest but do no damage.
The orc priest is moderately wounded.
You block the orc priest's attack.
You closely miss the orc priest.
Your tail-slap misses the orc priest.
The orc priest is moderately wounded.
You block the orc priest's attack. The orc priest misses you.
You closely miss the orc priest.
The orc priest is moderately wounded.
You block the orc priest's attack.
You barely miss the orc priest. You tail-slap the orc priest.
The orc priest is heavily wounded.
The orc priest looks braver for a moment.
The orc priest calls down the wrath of Beogh upon you.
Beogh smites you!
You hit the orc priest but do no damage.
The orc priest is heavily wounded.
You block the orc priest's attack.
You hit the orc priest but do no damage.
The orc priest is heavily wounded.
You block the orc priest's attack.
You hit the orc priest.
The orc priest is severely wounded.
You block the orc priest's attack.
The orc priest hits you with a +1 vampiric falchion.
* * * LOW HITPOINT WARNING * * *
You barely miss the orc priest.
The orc priest is severely wounded.
The orc priest hits you with a +1 vampiric falchion.
* * * LOW HITPOINT WARNING * * *
You hit the orc priest but do no damage.
The orc priest is severely wounded.
The orc priest hits you with a +1 vampiric falchion.
* * * LOW HITPOINT WARNING * * *
The orc priest invokes the aid of Beogh against you.
Beogh smites you!
You die...

~≈≈≈~♣♣♣~~~P.)♣♣.#.#....'...####.
≈≈≈≈~~≈~PP~~.)))#.#.....#...# #.
~~≈~~~~~~~~~.♣.#(#.#....#._.####.
................#.#.....#...##...
~~~~~~≈~~~≈~...#.#.#.#+#######.#.
~PP~≈≈≈≈≈≈~~P~#.#.#.#.#.##Z##..#.
~~~~~≈~~≈~P~~♣.#.#.#.#.######..#.
♣~P~~~≈≈~~~P~.#.#o#.#.#.#####....
~♣♣~~~≈≈~P~♣g#.#@#.#.#.#.#......P
.♣♣♣♣~~~~~♣.#.#.#.#g#.#.#........
..♣♣♣~~~~~.#.#.#.#.#.#.#.#.og....
....♣♣♣~~.#.#.#.#.#.#.#.#........
.)..)♣♣~.#.#.#.#.#.#.#.#.#.......
###)#)#.#.#.#.#.#.#.#.#.#.######.
...#.#)#.#.#.#.#.#.#.#.#.## #
###.#.#.#.#.#.#.#.#.#.#.#.# #
##.#.#.#.#.#.#.#.#.#.#.#.## ##


You could see an orc priest.

Vanquished Creatures
  Grinder (D:3)
  3 scorpions (D:4)
  An orc priest (D:4)
  Crazy Yiuf (D:2)
  A jelly (D:4)
  An orc wizard (D:4)
  4 adders
  3 worms
  A dart slug (D:3)
  10 orcs (D:4)
  11 endoplasms
  9 goblins
  5 hobgoblins
  2 jackals (D:1)
  3 quokkas
  7 ball pythons
  5 bats
  7 frilled lizards
  5 kobolds
  3 rats (D:1)
83 creatures vanquished.

Vanquished Creatures (others)
  A human (D:4)
1 creature vanquished.

Grand Total: 84 creatures vanquished

Notes
Turn   | Place    | Note
-------+----------+-------------------------------------------
     0 | D:1      | voltaire321 the Demonspawn Artificer began the quest for
                  | the Orb.
     0 | D:1      | Reached XP level 1. HP: 15/15 MP: 1/1
    31 | D:1      | Reached skill level 1 in Dodging
   205 | D:1      | Gained mutation: You have a small tail. [demonic ancestry]
   205 | D:1      | Reached XP level 2. HP: 21/21 MP: 2/2
   716 | D:2      | Reached XP level 3. HP: 26/27 MP: 3/3
   744 | D:2      | Found a runed translucent door.
   745 | D:2      | Noticed Crazy Yiuf
   753 | D:2      | Killed Crazy Yiuf
  1221 | D:2      | Gained mutation: You are surrounded by a mild repulsion
                  | field. (EV +2) [demonic ancestry]
  1221 | D:2      | Reached XP level 4. HP: 24/33 MP: 4/4
  1552 | D:3      | Noticed Grinder
  1606 | D:3      | Found a bloodstained altar of Trog.
  1678 | D:3      | Killed Grinder
  1679 | D:3      | Reached skill level 4 in Evocations
  1679 | D:3      | Reached XP level 5. HP: 40/41 MP: 5/5
  1683 | D:3      | Gained mutation: You have a tail ending in a sharp stinger.
                  | [demonic ancestry]
  1683 | D:3      | Reached XP level 6. HP: 47/47 MP: 6/6
  2102 | D:4      | Found an ancient bone altar of Kikubaaqudgha.
  2102 | D:4      | Noticed a human
  2106 | D:4      | Killed a human
  2734 | D:4      | Reached XP level 7. HP: 28/53 MP: 7/7
  3532 | D:4      | Killed from afar by an orc priest

Illustrated notes

Levels and vault maps discovered:
D:1:      minmay_arrival_solitary_statue, layout_rooms, minmay_misc_feat_columns
D:2:      layout_rooms, uniq_crazy_yiuf_cottage
D:3:      layout_rooms, lemuel_coloured_pillars_altar, dk_noncrumbling_3,
          uniq_grinder
D:4:      minmay_goblin_kobold_castle, layout_basic, tgw_kikubaaqudgha,
          serial_bayou, serial_bayou_lagoon_b, serial_bayou_crossing,
          serial_bayou_pond_b, serial_bayou_pond_c

Skill      XL: |  1  2  3  4  5  6 |
---------------+-------------------+-----
Dodging        | 1 2 3 |  3.4
Armour         | 2 3 |  3.8
Fighting       | 2 3 |  3.8
Evocations     | 4 |  4.8
Stealth        | |  0.8
Shields        | |  0.5

Action                     |  1- 3 |  4- 6 |  7- 9 || total
---------------------------+-------+-------+-------++-------
  Melee: Short sword       |   149 |   155 |       ||   304
         Tailslap          |    18 |    26 |    12 ||    56
         Punch             |     1 |     3 |       ||     4
         Rapier            |       |    12 |    95 ||   107
  Throw: Boomerang         |       |     4 |       ||     4
         Dart              |       |       |     5 ||     5
  Evoke: Wand              |     7 |    13 |       ||    20
    Use: Potion            |       |       |     1 ||     1
   Stab: Sleeping          |     1 |     1 |       ||     2
         Paralysed         |       |    30 |       ||    30
 Armour: Leather armour    |    46 |    18 |    18 ||    82
  Dodge: Dodged            |    77 |    56 |    42 ||   175
  Block: Other             |    32 |    21 |       ||    53
         Kite shield       |       |     6 |    83 ||    89
         Reflection        |       |       |     6 ||     6

Table legend: (Time is in decaauts)
 A = Elapsed time spent in this place.
 B = Non-inter-level travel time spent in this place.
 C = Inter-level travel time spent in this place.
 D = Time resting spent in this place.
 E = Time spent auto-exploring this place.
 F = Levels seen in this place.
 G = Mean time per level.
                   A        B        C        D        E       F      G
               +--------+--------+--------+--------+--------+-----+--------+
         Total |   3573 |   3439 |    134 |    560 |   1746 |   4 |  893.2 |
       Dungeon |   3573 |   3439 |    134 |    560 |   1746 |   4 |  893.2 |
               +--------+--------+--------+--------+--------+-----+--------+

Top non-repeatable levels by time:
     D:4: 1357 daAuts
     D:3: 892 daAuts
     D:1: 675 daAuts
     D:2: 647 daAuts
